 Dungeon Crawl Stone Soup version 0.23.1 (webtiles) character file.

Game seed: 3926102996415396142

13206 FunkyPutin the Basher (level 12, -9/73 HPs)
             Began as a Gargoyle Fighter on Mar 7, 2019.
             Was a High Priest of the Shining One.
             Mangled by an orc warlord
             ... wielding a +1 dire flail
              (17 damage)
             ... on level 1 of the Orcish Mines.
             The game lasted 00:37:18 (9467 turns).

FunkyPutin the Basher (Gargoyle Fighter)            Turns: 9467, Time: 00:37:19

Health: -9/73      AC: 20    Str: 28    XL:     12   Next: 3%
Magic:  12/12      EV: 15    Int:  9    God:    the Shining One [*****.]
Gold:   345        SH: 18    Dex: 17    Spells: 11/11 levels left

rFire    + + .     SeeInvis +   x - +2 morningstar
rCold    . . .     Gourm    .   c - +0 shield
rNeg     + + +     Faith    .   b - +2 scale mail
rPois    ∞         Spirit   .   (no helmet)
rElec    +         Reflect  +   (no cloak)
rCorr    .         Harm     .   E - +0 pair of gloves
MR       .....                  (no boots)
Stlth    +.........             z - +5 amulet of reflection
HPRegen  0.22/turn              M - ring of stealth
MPRegen  0.13/turn              w - ring "Eninigor" {*Contam rF++ Str+3 Dex+3 SInv}

@: agile, glowing
A: negative energy resistance 1, electricity resistance, unbreathing,
petrification resistance, rot immunity, AC +8
a: Divine Shield, Cleansing Flame, Summon Divine Warrior, Renounce Religion


You were on level 1 of the Orcish Mines.
You worshipped the Shining One.
The Shining One was extremely pleased with you.
You were not hungry.

You visited 3 branches of the dungeon, and saw 12 of its levels.
You also visited: Sewer and Ossuary.

You collected 703 gold pieces.
You spent 358 gold pieces at shops.

Inventory:

Hand Weapons
 e - the +1 mace of Gloom {venom, Dex+5}
   (You bought it in a shop on level 8 of the Dungeon)

   It poisons the flesh of those it strikes.
   It affects your dexterity (+5).
 x - a +2 morningstar (weapon)
Armour
 b - a +2 scale mail (worn)
 c - a +0 shield (worn)
 E - a +0 pair of gloves (worn)
Jewellery
 d - an uncursed ring of attention
 g - an uncursed ring of positive energy
 m - an uncursed ring of fire
 v - an uncursed ring of resist corrosion
 w - the ring "Eninigor" (right hand) {*Contam rF++ Str+3 Dex+3 SInv}
   (You found it on level 7 of the Dungeon)

   [ring of see invisible]

   It affects your strength (+3).
   It affects your dexterity (+3).
   It greatly protects you from fire.
   It lets you see invisible.
   It causes magical contamination when unequipped.
 z - a +5 amulet of reflection (around neck)
 D - an uncursed ring of see invisible
 I - an uncursed ring of fire
 M - a ring of stealth (left hand)
Wands
 a - a wand of disintegration (9)
 u - a wand of paralysis (19)
 y - a wand of enslavement (12)
 A - a wand of scattershot (7)
 N - a wand of polymorph (4)
Scrolls
 h - 3 scrolls of remove curse
 o - 5 scrolls of blinking
 p - a scroll of fear
 r - 5 scrolls of teleportation
 C - 3 scrolls of identify
 H - a scroll of magic mapping
Potions
 i - 3 potions of brilliance
 j - 9 potions of curing
 k - a potion of resistance
 l - a potion of heal wounds
 n - 2 potions of lignification
 q - 4 potions of haste
 s - a potion of magic
 t - 2 potions of invisibility
 B - 9 potions of degeneration
 F - 2 potions of flight
 G - a potion of mutation {unknown}
Comestibles
 f - 12 rations


   Skills:
 + Level 7.8 Fighting
 * Level 13.9 Maces & Flails
 + Level 7.6 Armour
 - Level 1.8 Dodging
 + Level 9.7 Shields
 + Level 0.1 Invocations


You had 11 spell levels left.
You didn't know any spells.
Your spell library contained the following spells:

 Spells                   Type           Power        Failure   Level  Hunger
 Confusing Touch          Hex            #.....       85%         1    ##.....
 Corona                   Hex            #......      85%         1    ##.....
 Ensorcelled Hibernation  Hex/Ice        #.....       94%         2    ###....
 Confuse                  Hex            #.......     99%         3    ####...
 Dazzling Spray           Conj/Hex       #.....       99%         3    ####...
 Gell's Gravitas          Tloc           #.........   99%         3    ####...
 Tukima's Dance           Hex            #.......     99%         3    ####...
 Petrify                  Tmut/Erth      #.......     100%        4    #####..
 Bolt of Magma            Conj/Fire/Erth #.........   100%        5    ######.
 Iskenderun's Battlesphe  Conj/Chrm      #.......     100%        5    ######.
 Metabolic Englaciation   Hex/Ice        #.........   100%        5    ######.
 Venom Bolt               Conj/Pois      #.........   100%        5    ######.
 Yara's Violent Unravell  Hex/Tmut       #.........   100%        5    ######.
 Iron Shot                Conj/Erth      #.........   100%        6    #######
 Orb of Destruction       Conj           #.........   100%        7    #######
 Spellforged Servitor     Conj/Summ      #.........   100%        7    #######


Dungeon Overview and Level Annotations

Branches:
Dungeon (10/15)            Temple (1/1) D:6            Lair (0/6) D:9
    Orc (1/2) D:10

Altars:
Ashenzari
Cheibriados
Dithmenos
Elyvilon
Fedhas
Gozag
Hepliaklqana
Kikubaaqudgha
Makhleb
Nemelex Xobeh
Okawaru
Qazlal
Ru
Sif Muna
Trog
Uskayaw
Vehumet
Wu Jian
Xom
Yredelemnul
Zin
The Shining One

Shops:
D:4 !   D:6 [((*   D:8 ([

Portals:
Volcano: Orc:1


Innate Abilities, Weirdness & Mutations

You are resistant to torment.
Your stone body is resilient. (AC +8)
You are immune to poison.
You resist negative energy. (rN+)
You are resistant to electric shocks. (rElec)
You can survive without breathing.
You are immune to petrification.
You are immune to rotting.


Message History

You are too injured to fight recklessly!
You are too injured to fight recklessly!
You are too injured to fight recklessly!
You are too injured to fight recklessly!
You are too injured to fight recklessly!
You are too injured to fight recklessly!
You are too injured to fight recklessly!
You are too injured to fight recklessly!
You are too injured to fight recklessly!
You completely miss the orc warlord.
The orc warlord is severely wounded.
The orc warlord roars a battlecry!
The orcs go into a battle-frenzy!
You block the orc's attack.
You sock the orc warlord!
The orc warlord is almost dead.
The orc warrior hits you from afar with a +0 halberd!!
* * * LOW HITPOINT WARNING * * *
The orc warlord hits you with a +1 dire flail!
You die...

#.oo# .# .......##
#....# .. #.......##
....oo .## #.........
.#....o ..#
#......... .....#o#.#
##..#..... ....oooo##
##.....#...
....o#T#o##
##.......... ...
##oo.## #...#.#.....
. ##@#.####.....##...
#..................
##.................
#.................
#.....#.......#...
...................
........#.....#.#...
...######.##.........
... . ........)


You could see an orc warlord, a troll, 3 orc warriors and 3 orcs.

Vanquished Creatures
  3 death yaks
  Urug (D:10)
  2 orc high priests (Orc:1)
  An unseen horror (D:7)
  An orc sorcerer (Orc:1)
  Joseph (D:7)
  A troll (D:10)
  A hippogriff (D:8)
  Sigmund (D:2)
  A spriggan (D:7)
  4 yaks (D:9)
  Grum (D:9)
  Eustachio (D:5)
  4 hungry ghosts
  2 wargs (Orc:1)
  A water moccasin (D:6)
  A sky beast (D:10)
  3 ice beasts
  8 orc warriors
  2 phantoms
  3 centaurs
  7 ogres
  2 wolves (D:9)
  4 bullfrogs
  An elf skeleton (D:7)
  2 scorpions (D:10)
  14 killer bees
  3 wights (D:6)
  5 electric eels (D:10)
  5 howler monkeys
  7 crimson imps
  6 bullfrog zombies
  2 centaur zombies
  A human zombie (D:7)
  2 jellies
  A hound (D:7)
  Crazy Yiuf (D:2)
  6 orc priests
  2 centaur skeletons
  11 orc wizards
  A human skeleton (D:7)
  Jessica (D:2)
  An iguana (D:9)
  15 mummies (Ossuary)
  8 worker ants
  3 killer bee zombies
  2 hound zombies (Ossuary)
  A hound skeleton (D:7)
  2 howler monkey zombies
  4 worker ant zombies
  3 gnolls (D:7)
  9 adders
  3 river rats (Sewer)
  A shadow imp (D:6)
  2 oozes (D:6)
  3 adder zombies
  2 worms (D:3)
  3 dart slugs
  A leopard gecko (D:9)
  63 orcs
  8 ball pythons
  12 bats
  8 giant cockroaches
  10 goblins
  13 hobgoblins
  24 jackals
  10 kobolds
  2 quokkas
  14 frilled lizards
  2 giant cockroach zombies (Ossuary)
  2 jackal zombies (Ossuary)
  A leopard gecko zombie (Ossuary)
  3 orc skeletons (D:7)
  A quokka skeleton (D:6)
  A quokka zombie (D:9)
  15 rats
  A withered plant (Ossuary)
380 creatures vanquished.

Vanquished Creatures (others)
  An orc (Orc:1)
1 creature vanquished.

Grand Total: 381 creatures vanquished

Notes
Turn   | Place    | Note
-------+----------+-------------------------------------------
     0 | D:1      | FunkyPutin the Gargoyle Fighter began the quest for the
                  | Orb.
     0 | D:1      | Reached XP level 1. HP: 14/14 MP: 1/1
    48 | D:1      | Reached XP level 2. HP: 15/19 MP: 2/2
   511 | D:1      | Reached XP level 3. HP: 23/23 MP: 3/3
   894 | D:2      | Found a runed translucent door.
   895 | D:2      | Noticed Crazy Yiuf
   905 | D:2      | Killed Crazy Yiuf
   905 | D:2      | Reached skill level 3 in Maces & Flails
   905 | D:2      | Reached XP level 4. HP: 28/28 MP: 4/4
  1206 | D:2      | Noticed Sigmund
  1225 | D:2      | Killed Sigmund
  1225 | D:2      | Reached skill level 4 in Maces & Flails
  1225 | D:2      | Reached skill level 1 in Dodging
  1225 | D:2      | Reached XP level 5. HP: 11/33 MP: 5/5
  1225 | D:2      | Reached XP level 6. HP: 13/38 MP: 6/6
  1512 | D:2      | Noticed Jessica
  1517 | D:2      | Killed Jessica
  1785 | D:3      | Reached skill level 5 in Maces & Flails
  1791 | D:3      | Found a glowing drain.
  1807 | Sewer    | Entered a sewer
  2518 | D:3      | Reached XP level 7. HP: 30/43 MP: 7/7
  3239 | D:4      | Found Lokin's Distillery.
  3267 | D:4      | Bought a potion of curing for 39 gold pieces
  3267 | D:4      | Bought a potion of heal wounds for 65 gold pieces
  3267 | D:4      | Bought a potion of curing for 39 gold pieces
  3267 | D:4      | Bought a potion of curing for 39 gold pieces
  3414 | D:4      | Reached skill level 6 in Maces & Flails
  3704 | D:5      | Entered Level 5 of the Dungeon
  3704 | D:5      | Noticed Eustachio
  3724 | D:5      | Killed Eustachio
  3856 | D:5      | Reached skill level 5 in Shields
  3856 | D:5      | Reached XP level 8. HP: 35/48 MP: 8/8
  3874 | D:5      | Reached skill level 7 in Maces & Flails
  4162 | D:5      | Found a hide-covered altar of Uskayaw.
  4168 | D:5      | Found a snail-covered altar of Cheibriados.
  4318 | D:5      | Found a radiant altar of Vehumet.
  4318 | D:5      | Found a glowing silver altar of Zin.
  4641 | D:6      | Found a burning altar of Makhleb.
  4641 | D:6      | Noticed a green death
  4645 | D:6      | Noticed an orange demon
  4749 | D:6      | Found a staircase to the Ecumenical Temple.
  4765 | D:6      | Reached skill level 8 in Maces & Flails
  4769 | Temple   | Entered the Ecumenical Temple
  4781 | Temple   | Became a worshipper of the Shining One
  4811 | D:6      | Found a shattered altar of Ashenzari.
  4844 | D:6      | Reached skill level 5 in Fighting
  4933 | D:6      | Found Jymais Ufri's Antique Armour Emporium.
  5013 | D:6      | Found Eleilosa's Antique Weapon Shop.
  5133 | D:6      | Reached skill level 5 in Armour
  5148 | D:6      | Found Geurus's Antique Weapon Boutique.
  5172 | D:6      | Reached XP level 9. HP: 49/54 MP: 9/9
  5338 | D:6      | Found Fenif's Assorted Antiques.
  5706 | D:7      | Noticed an unseen horror
  5720 | D:7      | Killed an unseen horror
  5720 | D:7      | Reached skill level 9 in Maces & Flails
  5729 | D:7      | Got a sparkling amber ring
  5731 | D:7      | Identified the ring "Eninigor" {*Contam rF++ Str+3 Dex+3
                  | SInv} (You found it on level 7 of the Dungeon)
  5776 | D:7      | Reached * piety under the Shining One
  5895 | D:7      | Reached skill level 10 in Maces & Flails
  5989 | D:7      | Found a deep blue altar of Sif Muna.
  6051 | D:7      | Noticed Joseph
  6060 | D:7      | Killed Joseph
  6060 | D:7      | Reached XP level 10. HP: 49/60 MP: 10/10
  6245 | D:7      | Reached skill level 11 in Maces & Flails
  6265 | D:7      | Found a sand-covered staircase.
  6286 | Ossuary  | Entered an ossuary
  6288 | Ossuary  | Reached ** piety under the Shining One
  6412 | Ossuary  | Reached *** piety under the Shining One
  6542 | Ossuary  | Reached **** piety under the Shining One
  6795 | D:8      | Found Rosa's Antique Weapon Shop.
  6820 | D:8      | Bought a polished mace for 176 gold pieces
  6820 | D:8      | Identified the +1 mace of Gloom {venom, Dex+5} (You bought
                  | it in a shop on level 8 of the Dungeon)
  7188 | D:8      | Found Kibb's Antique Armour Shoppe.
  7207 | D:8      | You fall through a shaft!
  7226 | D:9      | Found a staircase to the Lair.
  7226 | D:9      | Noticed a death yak
  7226 | D:9      | Noticed a death yak
  7226 | D:9      | Noticed a death yak
  7269 | D:8      | Killed a death yak
  7487 | D:9      | Noticed Grum
  7500 | D:9      | Reached skill level 12 in Maces & Flails
  7526 | D:9      | Killed Grum
  7931 | D:9      | Reached XP level 11. HP: 66/66 MP: 11/11
  7995 | D:9      | Killed a death yak
  8001 | D:9      | Killed a death yak
  8266 | D:10     | Entered Level 10 of the Dungeon
  8272 | D:10     | Reached ***** piety under the Shining One
  8325 | D:10     | Found a staircase to the Orcish Mines.
  8338 | D:10     | Reached skill level 13 in Maces & Flails
  8614 | D:10     | Noticed Urug
  8634 | D:10     | Killed Urug
  9274 | Orc:1    | Entered Level 1 of the Orcish Mines
  9274 | Orc:1    | Noticed an orc high priest
  9285 | Orc:1    | Killed an orc high priest
  9323 | Orc:1    | Noticed an orc high priest
  9345 | Orc:1    | Noticed a sixfirhy
  9345 | Orc:1    | Killed an orc high priest
  9390 | Orc:1    | Found a dark tunnel.
  9402 | Orc:1    | Noticed an orc sorcerer
  9407 | Orc:1    | Killed an orc sorcerer
  9407 | Orc:1    | Reached XP level 12. HP: 73/73 MP: 12/12
  9430 | Orc:1    | Noticed an orc warlord
  9467 | Orc:1    | Mangled by an orc warlord

Skill      XL: |  1  2  3  4  5  6  7  8  9 10 11 |
---------------+----------------------------------+-----
Maces & Flails | 3 4 5 6 8 10 12 13 | 13.9
Dodging        | 1 |  1.8
Shields        | 4 5 6 8 9 |  9.7
Armour         | 4 5 6 7 |  7.6
Fighting       | 4 5 6 7 |  7.8
Invocations    | |  0.1

Action                   |  1- 3 |  4- 6 |  7- 9 | 10-12 || total
-------------------------+-------+-------+-------+-------++-------
Melee: Flail             |   142 |       |       |       ||   142
       Mace              |     4 |   265 |   207 |    76 ||   552
       Morningstar       |       |       |   170 |   552 ||   722
Invok: Divine Shield     |       |       |       |     1 ||     1
  Use: Scroll            |     2 |     6 |     7 |    13 ||    28
       Potion            |       |     1 |       |    12 ||    13
  Eat: Chunk             |       |     3 |     1 |     5 ||     9
       Ration            |       |     1 |    10 |     4 ||    15
Armor: Scale mail        |    94 |   173 |   164 |   176 ||   607
Dodge: Dodged            |    39 |   104 |   105 |   156 ||   404
Block: Shield            |    74 |   168 |   213 |   505 ||   960
       Reflection        |       |       |     5 |     9 ||    14
